 Dungeon Crawl Stone Soup version 0.21.1-1-g345015fe64 (webtiles) character file.

684 ILYA101 the Ruffian (level 7, -4/62 HPs)
             Began as a Troll Transmuter on July 8, 2018.
             Slain by an ogre
             ... wielding a +0 giant club
              (13 damage)
             ... on level 5 of the Dungeon.
             The game lasted 00:11:35 (3119 turns).

ILYA101 the Ruffian (Troll Transmuter)              Turns: 3119, Time: 00:11:36

Health: -4/62      AC:  5    Str: 21    XL:     7   Next: 35%
Magic:  8/8        EV: 11    Int:  9    God:
Gold:   185        SH:  0    Dex: 10    Spells: 8/9 levels left

rFire    . . .     SeeInvis .     - Unarmed
rCold    . . .     Gourm    +   (no shield)
rNeg     . . .     Faith    .   b - +0 robe
rPois    .         Spirit   .   (helmet restricted)
rElec    .         Reflect  .   (no cloak)
rCorr    .         Harm     .   (gloves unavailable)
MR       .....                  (boots unavailable)
Stlth    +.........             (no amulet)
HPRegen  0.60/turn              (no ring)
MPRegen  0.11/turn              (no ring)

@: no status effects
A: large, unfitting armour, claws 3, fast metabolism 3, gourmand, regeneration
1, shaggy fur 1, tough skin 2
a: no special abilities


You were on level 5 of the Dungeon.
You were completely stuffed.

You visited 1 branch of the dungeon, and saw 5 of its levels.

You collected 185 gold pieces.

Inventory:

Missiles
 a - 71 arrows
Armour
 b - a +0 robe (worn)
Jewellery
 g - an uncursed ring of flight {unknown}
 o - an uncursed ring of resist corrosion {unknown}
 x - an uncursed ring of positive energy {unknown}
 y - a cursed ring of loudness {unknown}
Wands
 f - a wand of flame (44)
 t - a wand of clouds (4)
 v - a wand of enslavement (5)
Scrolls
 e - 3 scrolls of remove curse {unknown}
 i - a scroll of fog {unknown}
 j - 3 scrolls of immolation {unknown}
 k - 4 scrolls of identify {unknown}
 r - a scroll of fear {unknown}
 s - 2 scrolls of teleportation {unknown}
 B - a scroll of noise {unknown}
 C - a scroll of amnesia {unknown}
Potions
 h - 4 potions of agility {unknown}
 l - 3 potions of curing {unknown}
 m - a potion of resistance {unknown}
 n - a potion of might
 p - a potion of mutation {unknown}
 q - a potion of ambrosia {unknown}
 u - 2 potions of flight {unknown}
 w - a potion of lignification {unknown}
 z - a potion of degeneration {unknown}
Books
 c - a book of Changes

   Spells                             Type                      Level
   a - Beastly Appendage              Transmutation                1
   b - Sticks to Snakes               Transmutation                2
   c - Spider Form                    Transmutation/Poison         3
   d - Ice Form                       Ice/Transmutation            4
   e - Blade Hands                    Transmutation                5
Comestibles
 d - 5 rations
 A - 2 chunks of flesh


   Skills:
 + Level 1.6 Fighting
 + Level 3.4 Dodging
 + Level 0.5 Stealth
 + Level 6.7 Unarmed Combat
 + Level 1.8 Spellcasting
 + Level 2.0 Transmutations


You had 8 spell levels left.
You knew the following spells:

 Your Spells              Type           Power        Failure   Level  Hunger
a - Beastly Appendage     Tmut           #.....       16%         1    ##.....


Dungeon Overview and Level Annotations

Branches:
Dungeon (5/15)
 Temple: D:4-7

Altars:
The Shining One

Annotations:
D:5 Pikel


Innate Abilities, Weirdness & Mutations

You are too large for most types of armour.
You have claws for hands.
Your metabolism is lightning-fast.
You like to eat raw meat.
Your natural rate of healing is unusually fast.
You are covered in fur. (AC +1)
You have very tough skin. (AC +2)


Message History

There isn't anything to butcher here.
There isn't anything to butcher here.
There is a stone staircase leading down, spattered with blood here.
You climb downwards.
Level annotation: Pikel A slave comes into view.
The slave shouts!
Pikel hits you with a whip of freezing. Pikel freezes you.
The adder skeleton bites you but does no damage.
The ogre hits you with a giant club!! Pikel hits you with a whip of freezing!
Pikel freezes you.
* * * LOW HITPOINT WARNING * * *
The adder skeleton bites you but does no damage.
There is a stone staircase leading up, spattered with blood here.
You see here an arrow.
The centaur unwields an uncursed shortbow.
The centaur hits you!
* * * LOW HITPOINT WARNING * * *
The ogre hits you with a giant club!
You die...

......
..... ....
... .. #.
##.#####
#[pK@Z.#
#.....cO#.#
###..p#.# #
#....#.#
.........
K........##
####.#.###
###.


You could see Pikel, an ogre, 2 slaves, a centaur and an adder skeleton.

Vanquished Creatures
  2 slaves (D:4)
  The ghost of P0WERM0DE the Grave Robber, an amateur GnNe (D:4)
  A scorpion (D:4)
  A howler monkey (D:4)
  A hound (D:4)
  Crazy Yiuf (D:3)
  2 orc wizards (D:3)
  A bullfrog skeleton (D:4)
  An iguana (D:3)
  Ijyb (D:3)
  Natasha (thrice) (D:3)
  A worker ant (D:4)
  9 adders
  4 oozes
  2 worms (D:3)
  2 dart slugs (D:1)
  21 orcs
  4 ball pythons
  3 giant cockroaches
  6 goblins
  10 hobgoblins
  6 jackals (D:2)
  3 quokkas
  10 bats
  7 frilled lizards
  5 kobolds
  11 rats
119 creatures vanquished.

Notes
Turn   | Place    | Note
-------+----------+-------------------------------------------
     0 | D:1      | ILYA101 the Troll Transmuter began the quest for the Orb.
     0 | D:1      | Reached XP level 1. HP: 18/18 MP: 1/1
   156 | D:1      | Reached XP level 2. HP: 26/26 MP: 3/3
   330 | D:1      | Reached XP level 3. HP: 32/32 MP: 4/4
   828 | D:1      | You fall through a shaft!
   902 | D:2      | Reached skill level 4 in Unarmed Combat
  1063 | D:2      | Reached XP level 4. HP: 35/40 MP: 5/5
  1136 | D:2      | Reached skill level 1 in Fighting
  1514 | D:3      | Noticed Natasha
  1519 | D:3      | Killed Natasha
  1519 | D:3      | Reached skill level 5 in Unarmed Combat
  1519 | D:3      | Reached XP level 5. HP: 34/48 MP: 6/6
  1563 | D:3      | Found a faded altar of an unknown god.
  1590 | D:3      | Noticed Natasha
  1601 | D:3      | Killed Natasha
  1692 | D:3      | Found a runed door.
  1715 | D:3      | Noticed Ijyb
  1724 | D:3      | Killed Ijyb
  1779 | D:3      | Noticed Natasha
  1784 | D:3      | Killed Natasha
  1784 | D:3      | Reached XP level 6. HP: 55/55 MP: 5/7
  1790 | D:3      | Found a glowing golden altar of the Shining One.
  2125 | D:3      | Noticed Crazy Yiuf
  2134 | D:3      | Killed Crazy Yiuf
  2357 | D:4      | Noticed P0WERM0DE's ghost (amateur GnNe)
  2392 | D:3      | Reached skill level 6 in Unarmed Combat
  2544 | D:4      | Killed P0WERM0DE's ghost
  2591 | D:4      | Reached XP level 7. HP: 62/62 MP: 8/8
  3022 | D:5      | Entered Level 5 of the Dungeon
  3024 | D:5      | Noticed Pikel
  3119 | D:5      | Slain by an ogre

Skill      XL: |  1  2  3  4  5  6  7 |
---------------+----------------------+-----
Unarmed Combat | 4 5 6 |  6.7
Dodging        | 2 3 |  3.4
Fighting       | 1 |  1.6
Transmutations | 2 |  2.0
Stealth        | |  0.5
Spellcasting   | |  1.8

Action                   |  1- 3 |  4- 6 |  7- 9 || total
-------------------------+-------+-------+-------++-------
Melee: Unarmed           |   117 |   205 |    63 ||   385
       Kick              |     3 |     3 |       ||     6
       Punch             |     2 |     4 |     1 ||     7
       Headbutt          |       |     4 |       ||     4
 Cast: Beastly Appendage |     1 |     9 |       ||    10
 Stab: Sleeping          |       |     1 |       ||     1
  Eat: Chunk             |    15 |    12 |     8 ||    35
Armor: Robe              |    50 |    78 |    21 ||   149
Dodge: Dodged            |    70 |   105 |    37 ||   212
